Map: [ESL] Cosmic Sapphire

Players

Solar

  • Race: Zerg Zerg
  • Spawn Location: 5:00

DnS - Winner!

  • Race: Protoss Protoss
  • Spawn Location: 11:00

Event: DreamHack SC2 Masters 2022 Valencia

VOD

Have the link to the VOD?

Description

Time

  • Played on: July 1, 2022, 2:35 p.m.
  • Length: 9:52

All games in this series

Show
View Real Time Build Order
Export as new Build Order

Solar Zerg 

Build Orders: Hatch First 

Get SALT Encoding   

  12  0:00  Drone  
  13  0:12  Overlord  
  13  0:17  Drone  
  14  0:31  Drone x2  
  16  0:49  Hatchery  
  15  0:51  Drone  
  15  0:54  Drone  
  17  0:57  Drone  
  18  1:08  Extractor  
  17  1:13  Spawning Pool  
  17  1:15  Drone  
  17  1:19  Drone  
  18  1:27  Drone  
  19  1:38  Drone  
  20  1:49  Overlord  
  20  2:00  Queen x2  
  20  2:01  Zergling x4  
  26  2:11  Drone x2  
  26  2:13  Metabolic Boost  
  28  2:21  Drone  
  28  2:22  Drone  
  30  2:35  Hatchery  
  29  2:37  Drone  
  29  2:44  Queen  
  30  2:48  Overlord  
  32  2:51  Drone  
  32  2:54  Drone  
  32  2:56  Drone  
  32  2:57  Drone  
  36  3:07  Drone x2  
  36  3:10  Drone x3  
  41  3:14  Queen  
  41  3:18  Overlord  
  43  3:20  Drone  
  44  3:27  Overlord  
  44  3:34  Spore Crawler  
  44  3:35  Drone  
  44  3:36  Queen  
  44  3:39  Overlord  
  46  3:47  Drone x2  
  46  3:48  Queen  
  48  3:51  Spore Crawler  
  48  3:54  Drone  
  49  3:56  Drone x2  
  49  3:57  Drone  
  49  4:01  Drone x2  
  49  4:02  Drone x2  
  56  4:05  Drone  
  56  4:07  Overlord  
  57  4:10  Drone  
  57  4:11  Drone  
  57  4:15  Drone x2  
  57  4:16  Drone  
  62  4:17  Drone  
  62  4:23  Zergling x4  
  65  4:25  Zergling x6  
  65  4:29  Overlord  
  68  4:31  Lair  
  68  4:33  Drone  
  68  4:34  Drone  
  67  4:43  Drone x3  
  67  4:44  Roach Warren  
  69  4:49  Drone, Extractor  
  69  4:50  Extractor, Drone x3  
  69  4:51  Drone x2  
  73  4:54  Drone  
  73  4:55  Drone  
  73  4:56  Drone x2  
  73  4:58  Drone  
  73  4:59  Drone  
  76  5:05  Extractor  
  76  5:06  Spore Crawler, Drone x2, Extractor  
  75  5:09  Evolution Chamber, Drone  
  75  5:14  Overlord  
  75  5:17  Drone x4  
  75  5:19  Drone x2  
  81  5:31  Overlord  
  81  5:35  Zerg Melee Weapons Level 1  
  81  5:37  Hatchery  
  81  5:38  Drone x2  
  81  5:39  Drone x2  
  81  5:40  Drone x3  
  81  5:41  Drone  
  85  5:45  Overlord  
  85  5:46  Overlord  
  85  5:52  Baneling Nest, Drone x2  
  85  5:53  Drone x2  
  85  5:54  Overseer  
  85  5:55  Zergling x2  
  89  5:59  Glial Reconstitution  
  89  6:03  Roach x3  
  89  6:04  Roach  
  97  6:06  Zergling x2  
  97  6:08  Drone x2  
  100  6:12  Drone x2  
  100  6:14  Overlord  
  100  6:16  Drone x2  
  104  6:22  Overlord  
  104  6:23  Roach x2  
  104  6:24  Drone x4  
  104  6:25  Drone  
  112  6:26  Drone  
  112  6:32  Overlord  
  112  6:35  Spore Crawler  
  111  6:40  Centrifugal Hooks  
  111  6:42  Drone  
  111  6:43  Evolution Chamber  
  111  6:44  Roach, Zergling x2  
  111  6:45  Ravager x2  
  117  6:47  Ravager  
  117  6:48  Zergling x6  
  117  6:51  Zergling x4  
  117  6:53  Queen  
  123  6:55  Zergling x4  
  123  6:57  Zergling x4, Hatchery  
  123  6:59  Zergling x2  
  123  7:01  Overlord  
  127  7:02  Drone x2  
  127  7:03  Drone  
  127  7:05  Zergling x4  
  127  7:06  Pneumatized Carapace  
  132  7:09  Zergling x2  
  132  7:10  Overlord  
  132  7:13  Drone x3  
  132  7:14  Zergling x2  
  132  7:15  Zergling x2  
  138  7:17  Roach x2  
  138  7:20  Zergling x4  
  138  7:22  Zerg Ground Armor Level 1  
  144  7:24  Infestation Pit, Overlord  
  144  7:26  Zergling x4  
  145  7:31  Zergling x2  
  145  7:34  Zergling x2  
  147  7:37  Zergling x2  
  147  7:38  Zergling x2  
  147  7:39  Drone  
  147  7:40  Drone x3  
  147  7:41  Overlord  
  147  7:42  Zergling x4  
  147  7:43  Spore Crawler  
  152  7:44  Queen x2  
  152  7:45  Queen  
  152  7:48  Roach x2  
  152  7:50  Zergling x6  
  161  7:53  Zergling x4  
  161  7:55  Baneling x8  
  161  7:57  Roach  
  161  8:02  Zergling x6  
  161  8:06  Zergling x6  
  161  8:08  Drone x3  
  161  8:09  Zergling x8  
  161  8:11  Baneling  
  171  8:12  Extractor  
  171  8:18  Zergling x14  
  173  8:22  Hive  
  173  8:25  Queen  
  173  8:26  Zergling x8  
  175  8:30  Zergling x4  
  175  8:32  Ravager, Baneling x6  
  175  8:33  Zergling x4  
  175  8:37  Drone  
  170  8:42  Drone x3  
  170  8:44  Infestor x3  
  170  8:45  Zergling x4  
  170  8:46  Overlord x4  
  170  8:48  Baneling x3  
  181  8:49  Baneling x2, Hatchery  
  181  8:54  Baneling x7  
  180  8:57  Zergling x4  
  180  8:59  Zergling x6  
  178  9:03  Zergling x8  
  178  9:06  Zergling x12  
  178  9:09  Zergling x6  
  182  9:10  Ravager  
  182  9:11  Baneling x4  
  182  9:15  Zergling x6  
  175  9:17  Zergling x8  
  175  9:23  Roach x2  
  168  9:27  Roach x3  
  159  9:33  Roach x2  
Show
View Real Time Build Order
Export as new Build Order

DnS Protoss - Winner!

Build Orders: 1 Gate Expand, Oracle Opening 

Get SALT Encoding   

  12  0:00  Probe  
  13  0:12  Probe  
  14  0:20  Pylon  
  14  0:24  Probe  
  15  0:38  Probe (Chrono Boost)  
  16  0:44  Gateway  
  16  0:47  Probe (Chrono Boost)  
  17  0:50  Assimilator  
  17  0:52  Probe (Chrono Boost)  
  18  1:04  Probe  
  19  1:16  Probe  
  20  1:26  Nexus  
  20  1:37  Cybernetics Core  
  20  1:39  Probe  
  21  1:46  Assimilator  
  21  1:51  Probe  
  22  1:55  Pylon  
  22  2:03  Probe (Chrono Boost)  
  23  2:13  Adept  
  23  2:15  Probe (Chrono Boost)  
  26  2:18  Stargate  
  26  2:20  Probe (Chrono Boost)  
  27  2:27  Warp Gate  
  27  2:30  Probe (Chrono Boost)  
  28  2:40  Probe x2 (Chrono Boost)  
  30  2:45  Stalker  
  30  2:47  Probe (Chrono Boost)  
  30  2:49  Probe (Chrono Boost)  
  34  2:52  Probe (Chrono Boost)  
  35  2:58  Probe  
  35  3:01  Oracle (Chrono Boost)  
  35  3:04  Probe  
  40  3:10  Probe  
  40  3:12  Pylon  
  41  3:16  Probe  
  42  3:23  Probe  
  43  3:28  Probe  
  43  3:31  Oracle  
  47  3:35  Probe  
  47  3:38  Nexus  
  48  3:42  Probe  
  48  3:47  Probe  
  49  3:52  Pylon  
  49  3:54  Probe  
  49  3:55  Assimilator  
  50  3:57  Pylon, Assimilator  
  50  4:00  Probe  
  51  4:04  Pylon  
  51  4:07  Probe  
  52  4:10  Oracle  
  52  4:15  Probe (Chrono Boost)  
  56  4:18  Twilight Council  
  56  4:20  Forge  
  56  4:22  Probe (Chrono Boost)  
  57  4:27  Probe (Chrono Boost)  
  59  4:32  Probe (Chrono Boost)  
  59  4:34  Probe (Chrono Boost)  
  59  4:37  Probe (Chrono Boost)  
  60  4:43  Probe (Chrono Boost)  
  60  4:45  Sentry, Blink, Gateway x2  
  64  4:49  Probe (Chrono Boost)  
  66  4:53  Probe (Chrono Boost)  
  66  4:56  Protoss Ground Weapons Level 1 (Chrono Boost)  
  68  5:00  Probe x2 (Chrono Boost)  
  68  5:01  Probe (Chrono Boost)  
  68  5:05  Probe (Chrono Boost)  
  68  5:06  Probe x2 (Chrono Boost), Shield Battery  
  71  5:10  Sentry  
  74  5:14  Gateway  
  74  5:16  Probe  
  74  5:17  Gateway  
  74  5:18  Probe  
  74  5:20  Probe  
  77  5:24  Gateway  
  77  5:27  Gateway  
  77  5:28  Probe  
  78  5:30  Probe  
  78  5:34  Sentry  
  78  5:35  Probe  
  82  5:40  Probe  
  83  5:47  Stalker, Probe  
  83  5:48  Stalker  
  88  5:51  Pylon  
  88  5:59  Forge  
  88  6:00  Gateway  
  88  6:04  Pylon  
  88  6:05  Pylon  
  88  6:07  Nexus  
  88  6:10  Pylon  
  88  6:11  Pylon  
  88  6:12  Probe x2  
  88  6:13  Pylon, Probe  
  88  6:14  Stalker  
  93  6:21  Stalker x3  
  93  6:24  Probe  
  93  6:25  Probe  
  101  6:28  Stalker x2  
  105  6:33  Photon Cannon  
  105  6:34  Probe  
  105  6:37  Probe  
  105  6:38  Probe  
  105  6:39  Stalker  
  110  6:40  Charge  
  110  6:41  Photon Cannon  
  110  6:45  Protoss Ground Armor Level 1 (Chrono Boost)  
  110  6:50  Probe, Protoss Ground Weapons Level 2 (Chrono Boost)  
  111  7:01  Probe x2  
  113  7:04  Stalker  
  113  7:05  Stalker x4  
  113  7:08  Probe  
  124  7:12  Stalker x2  
  128  7:17  Pylon  
  128  7:19  Pylon  
  128  7:20  Gateway  
  128  7:22  Gateway  
  128  7:28  Zealot  
  130  7:33  Stalker x3  
  130  7:34  Stalker  
  130  7:35  Probe x3  
  141  7:38  Shield Battery  
  139  7:45  Stalker x3  
  145  7:51  Oracle (Chrono Boost)  
  148  8:00  Zealot x5  
  155  8:10  Probe x3  
  158  8:14  Zealot  
  158  8:15  Zealot x3  
  158  8:18  Stalker  
  158  8:19  Probe  
  160  8:22  Nexus, Probe, Zealot  
  160  8:24  Pylon  
  160  8:26  Pylon  
  161  8:27  Stalker  
  161  8:32  Probe x2  
  161  8:33  Photon Cannon  
  164  8:34  Probe x2  
  164  8:38  Pylon, Shield Battery  
  164  8:40  Pylon  
  164  8:56  Probe x3  
  164  8:57  Zealot x3  
  169  9:03  Pylon  
  169  9:04  Pylon, Zealot x5  
  169  9:12  Zealot x2  
  173  9:22  Zealot  
  173  9:23  Zealot x2  
  177  9:25  Probe  
  157  9:31  Zealot  
  157  9:32  Zealot x4  
  161  9:41  Stalker x2  

Tags
 
Add a new tag
Caveats
  • Supply blocks, unpowered buildings, or Contaminate may cause inaccurate times.
  • Supply counts are checked every 10 seconds.